 Dungeon Crawl Stone Soup version 0.19-a0-1456-gc747e27 (webtiles) character file.

70 RonnieColeman the Conjurer (level 4, 0/27 HPs)
             Began as an Octopode Conjurer on Sept 6, 2016.
             Slain by a hobgoblin
             ... wielding a cursed +0 club
              (5 damage)
             ... on level 2 of the Dungeon.
             The game lasted 00:01:57 (1509 turns).

RonnieColeman the Conjurer (Octopode Conjurer)      Turns: 1509, Time: 00:01:58

Health: 0/27       AC:  1    Str:  7    XL:     4   Next: 21%
Magic:  8/8        EV: 13    Int: 18    God:
Gold:   118        SH:  0    Dex: 12    Spells: 1 memorised, 8 levels left

rFire  . . .     SeeInvis .     m - +1 dagger (venom)
rCold  . . .     Gourm    .     (no shield)
rNeg   . . .     Faith    .     (helmet restricted)
rPois  .         Spirit   .     (no amulet)
rElec  .         Dismiss  .     (no ring)
rCorr  .         Reflect  .     (no ring)
MR     .....     Harm     .     (no ring)
Stlth  +++.......               (no ring)
                                (no ring)
                                (no ring)
                                (no ring)
                                (no ring)

@: no status effects
A: almost no armour, stealthy swim, amphibious, 8 rings, constrict 8, camouflage
1, gelatinous body 1
a: no special abilities


You were on level 2 of the Dungeon.
You were not hungry.

You visited 1 branch of the dungeon, and saw 2 of its levels.

You collected 118 gold pieces.

Inventory:

Hand Weapons
 d - a +0 club
 g - a +0 short sword
 m - a +1 dagger of venom (weapon)
Scrolls
 h - a scroll of enchant weapon {unknown}
 k - 2 scrolls of noise {unknown}
 q - a scroll of fear {unknown}
Potions
 c - a potion of lignification {unknown}
 e - 2 potions of invisibility {unknown}
 f - a potion of degeneration {unknown}
 i - a potion of agility
 j - a potion of flight {unknown}
 l - a potion of mutation {unknown}
 n - a potion of might
Books
 a - a book of Conjurations

   Spells                             Type                      Level
   a - Magic Dart                     Conjuration                  1
   b - Searing Ray                    Conjuration                  2
   c - Dazzling Spray                 Conjuration/Hexes            3
   d - Fulminant Prism                Conjuration/Hexes            4
   e - Iskenderun's Mystic Blast      Conjuration                  4
   f - Iskenderun's Battlesphere      Conjuration/Charms           5
Comestibles
 b - a bread ration
 o - a slice of pizza
 p - a beef jerky


   Skills:
 - Level 2.0 Dodging
 - Level 2.6 Stealth
 * Level 3.3 Spellcasting
 + Level 4.7 Conjurations


You had 8 spell levels left.
You knew the following spells:

 Your Spells              Type           Power        Failure   Level  Hunger
a - Magic Dart            Conj           ###.         1%          1    None


Dungeon Overview and Level Annotations

Branches:
Dungeon (2/15)

Altars:
Nemelex Xobeh


Innate Abilities, Weirdness & Mutations

You cannot wear most types of armour.
You are very stealthy in the water.
You are amphibious.
You can wear up to eight rings at the same time.
You can use your tentacles to constrict eight enemies at once.
Your skin changes colour to match your surroundings (Stealth+).
Your rubbery body absorbs attacks. (AC +1, EV +1)


Message History

The hobgoblin hits you with a club.
You closely miss the hobgoblin. Your grab misses the hobgoblin.
The hobgoblin hits you with a club.
You hit the adder.
The adder is poisoned.
You grab the adder.
The adder is lightly wounded.
You constrict the adder. The adder bites you.
The hobgoblin hits you with a club!
You hit the adder.
The adder looks as sick as possible!
You squeeze the adder.
You kill the adder!
You hit the hobgoblin but do no damage.
The hobgoblin is poisoned.
You grab the hobgoblin. You squeeze the hobgoblin.
The hobgoblin is heavily wounded.
You constrict the hobgoblin, but do no damage.
The hobgoblin hits you with a club.
* * * LOW HITPOINT WARNING * * *
You hit the hobgoblin but do no damage.
The hobgoblin looks as sick as possible!
The hobgoblin is heavily wounded.
You constrict the hobgoblin. The hobgoblin hits you with a club.
You die...

# ###.....##.# #.
............# #.
####.....##.# #.#
#♣# ♣#♣..###.# #..
.. ...## #.# #..##.♣
♣#♣.# #.#
#.....#######.####.#
#.⌠g⌠..............#
#.._@.# ##.###.###
##⌠.⌠## ####.# #.#
#..### #....###.####
#.#..♣♣♣.♣)......<.#
#.#..♣PP.♣#..##.##.#
#.#..).P..#..##.##.#
#.#....)♣♣.#........
#.#..♣♣♣♣♣#..##.....
..#.......#..#####.#


You could see a hobgoblin.

Vanquished Creatures
  An adder (D:2)
  An ooze (D:1)
  2 dart slugs (D:1)
  2 giant geckos (D:2)
  2 ball pythons
  A giant cockroach (D:2)
  10 hobgoblins
  7 kobolds
  3 bats
  A giant newt (D:2)
  9 goblins
  5 rats
44 creatures vanquished.

Notes
Turn   | Place    | Note
-------+----------+-------------------------------------------
     0 | D:1      | RonnieColeman the Octopode Conjurer began the quest for the Orb.
     0 | D:1      | Reached XP level 1. HP: 11/11 MP: 3/3
   176 | D:1      | Reached XP level 2. HP: 17/17 MP: 5/5
   683 | D:1      | Reached XP level 3. HP: 18/21 MP: 6/6
  1408 | D:2      | Reached XP level 4. HP: 27/27 MP: 8/8
  1495 | D:2      | Found a sparkling altar of Nemelex Xobeh.
  1509 | D:2      | Slain by a hobgoblin

Vault maps used:
D:1:      minmay_arrival_doors
D:2:      minmay_kobold_bridge, nemelex_xobeh_ov_fountains_minmay,
          serial_forest, infiniplex_forest_clump_long,
          infiniplex_forest_corner_1, infiniplex_forest_clump_medium,
          infiniplex_forest_lined_2, infiniplex_forest_clump_curved,
          infiniplex_forest_straight_2, infiniplex_forest_diagonal,
          minmay_hexomino_r4

Skill      XL: |  1  2  3 |
---------------+----------+-----
Spellcasting   | 3 |  3.3
Dodging        | |  2.0
Stealth        | |  2.6
Conjurations   | |  4.7

Action                   |  1- 3 |  4- 6 || total
-------------------------+-------+-------++-------
Melee: Club              |     6 |       ||     6
       Short sword       |    65 |       ||    65
       Constrict         |    21 |     3 ||    24
       Tentacles         |    15 |     2 ||    17
       Unarmed           |     1 |       ||     1
       Dagger            |    15 |    12 ||    27
 Cast: Magic Dart        |     3 |       ||     3
 Stab: Sleeping          |    10 |     1 ||    11
  Eat: Chunk             |       |     2 ||     2
Armor: Skin              |     5 |       ||     5
Dodge: Dodged            |    45 |     3 ||    48
